 Dungeon Crawl Stone Soup version 0.20.0-15-g7f486f2 (webtiles) character file.

2473 Firecrotchwizard the Destroyer (level 9, -1/58 HPs)
             Began as a Demonspawn Fire Elementalist on June 24, 2017.
             Was an Initiate of Vehumet.
             Slain by a killer bee (9 damage)
             ... on level 9 of the Dungeon.
             The game lasted 00:23:21 (8851 turns).

Firecrotchwizard the Destroyer (DsFE)               Turns: 8851, Time: 00:23:22

Health: -1/58      AC: 10    Str:  8    XL:     9   Next: 26%
Magic:  7/17       EV: 12    Int: 23    God:    Vehumet [......]
Gold:   340        SH:  0    Dex: 14    Spells: 8/18 levels left

rFire    . . .     SeeInvis .   w - +3 quarterstaff (chaos)
rCold    . . .     Gourm    .   (shield currently unavailable)
rNeg     . . .     Faith    .   y - +0 robe (curse)
rPois    +         Spirit   .   (helmet restricted)
rElec    .         Reflect  .   x - +2 cloak
rCorr    .         Harm     .   v - +1 pair of gloves
MR       .....                  (no boots)
Stlth    ++++......             u - amulet of regeneration {+regen, !d}
Regen    0.6/turn               l - ring of poison resistance {rPois, !d}
MPRegen  0.2/turn               D - +3 ring of intelligence

@: lethally poisoned (-1 -> -4)
A: horns 1, thin metallic scales 2, demonic guardian 1, nightstalker 2
a: Renounce Religion


You were on level 9 of the Dungeon.
You worshipped Vehumet.
Vehumet was noncommittal.
You were not hungry.

You visited 1 branch of the dungeon, and saw 9 of its levels.

You collected 340 gold pieces.

Inventory:

Hand Weapons
 w - a +3 quarterstaff of chaos (weapon)
   (You took it off Crazy Yiuf on level 2 of the Dungeon)
 z - a +1 dagger of holy wrath
   (You found it on level 8 of the Dungeon)
Missiles
 A - 7 tomahawks (quivered)
Armour
 v - a +1 pair of gloves (worn)
   (You found it on level 7 of the Dungeon)
 x - a +2 cloak (worn)
   (You took it off Crazy Yiuf on level 2 of the Dungeon)
 y - a cursed +0 robe (worn)
   (You found it on level 6 of the Dungeon)
Jewellery
 l - a ring of poison resistance (left hand) {rPois, !d}
   (You found it on level 1 of the Dungeon)
 u - an amulet of regeneration (around neck) {+regen, !d}
   (You found it on level 2 of the Dungeon)
 D - a +3 ring of intelligence (right hand)
   (You found it on level 6 of the Dungeon)
Wands
 p - a wand of random effects (28/48)
   (You found it on level 6 of the Dungeon)
 s - a wand of random effects (20/48)
   (You found it on level 5 of the Dungeon)
Scrolls
 a - a scroll of fear {unknown}
 k - 3 scrolls of enchant weapon
 o - 7 scrolls of identify
 q - a scroll of remove curse
Potions
 d - a potion of magic {unknown}
 e - a potion of heal wounds {unknown}
 f - a potion of might
 g - 2 potions of brilliance
 h - 3 potions of agility
 i - 2 potions of invisibility
 j - a potion of haste
 r - 3 potions of curing
 t - 2 potions of flight
 C - 2 potions of cancellation
Books
 b - a book of Flames
Comestibles
 c - 3 bread rations {@e1}
 n - 5 meat rations {@e2}


   Skills:
 + Level 0.4 Fighting
 + Level 1.9 Dodging
 - Level 1.7 Stealth
 - Level 5.3 Spellcasting
 - Level 8.1 Conjurations
 * Level 7.6 Fire Magic
 + Level 0.8 Evocations


You had 8 spell levels left.
You knew the following spells:

 Your Spells              Type           Power        Failure   Level  Hunger
a - Flame Tongue          Conj/Fire      #####        1%          1    None
f - Fireball              Conj/Fire      #####.....   10%         5    #####..
s - Sticky Flame          Conj/Fire      #####...     3%          4    ####...


Dungeon Overview and Level Annotations

Branches:
Dungeon (9/15)             Temple (0/1) D:7
   Lair: D:8-11         Orc: D:9-12

Altars:
Cheibriados
Dithmenos
Kikubaaqudgha
Nemelex Xobeh
Trog
Vehumet
Yredelemnul
The Shining One
Lugonu

Annotations:
D:2 exclusion: door, Sigmund
D:6 exclusions: bullfrog, electric eel, orc and orc priest


Innate Abilities, Weirdness & Mutations

You have a pair of small horns on your head.
You are mostly covered in thin metallic scales. (AC +3)
A weak demonic guardian rushes to your aid.
You are significantly more attuned to the shadows.


Message History

The queen bee buzzes angrily.
The killer bee stings you but does no damage.
The killer bee stings you.
You are poisoned.
The killer bee poisons you!
A gnoll comes into view.
You take 3 damage, and have 52/58 hp.
You swap places.
You feel sick. The killer bee stings your iron imp.
Your iron imp misses the killer bee.
The killer bee closely misses your iron imp.
The queen bee calls on the killer bee to defend it!
The killer bee goes berserk!
You hear an angry buzzing noise. x6; You hear a shout!
A gnoll comes into view. It is wielding a whip.
You swap places.
You feel sick. The killer bee stings your iron imp.
Your iron imp is poisoned.
The killer bee poisons your iron imp!
Your iron imp hits the killer bee!
The killer bee dies!
Vehumet accepts your kill.
Aim: a killer bee (berserk, fast, unusually strong)
Your demonic guardian avoids your attack. x2
The flame tongue hits the killer bee.
The killer bee stings your iron imp but does no damage.
The killer bee stings your iron imp!
A killer bee comes into view.
You now have 11/17 mp.
Aim: a killer bee (lightly wounded, berserk, fast, unusually strong)
Your demonic guardian avoids your attack. x2
The flame tongue misses the killer bee.
The flame tongue hits the killer bee.
You feel sick. The killer bee stings your iron imp.
Your iron imp dies!
The killer bee stings your shadow imp but does no damage.
Your shadow imp completely misses the killer bee.
You hear an angry buzzing noise.
You now have 10/17 mp.
Aim: a killer bee (lightly wounded, berserk, fast, unusually strong)
Your demonic guardian avoids your attack.
The flame tongue hits the killer bee.
The killer bee appears unharmed.
The killer bee stings your shadow imp. The killer bee stings your shadow imp!
Your shadow imp dies!
You hear an angry buzzing noise. x2
You now have 9/17 mp.
Aim: a killer bee The flame tongue hits the killer bee.
You feel sick.
The killer bee stings you but does no damage.
The killer bee barely misses you. The killer bee stings you.
You are more poisoned.
The killer bee poisons you!
The queen bee calls on the killer bee to defend it!
The killer bee goes berserk!
The queen bee calls on the killer bee to defend it!
The killer bee goes berserk!
A killer bee comes into view.
You take 6 damage, and have 46/58 hp.
You now have 8/17 mp.
Aim: a killer bee (berserk, fast, unusually strong)
Okay, then.
You feel sick.
The killer bee stings you but does no damage.
The killer bee barely misses you. The killer bee stings you.
You hear an angry buzzing noise. x2
You take 5 damage, and have 41/58 hp.
You feel sick. The killer bee barely misses you.
You hear an angry buzzing noise.
The killer bee stings you but does no damage.
You take 1 damage, and have 40/58 hp.
You feel sick.
You hear an angry buzzing noise. x2
The killer bee stings you but does no damage.
You hear an angry buzzing noise.
The killer bee closely misses you.
You feel sick.
You hear an angry buzzing noise.
The killer bee closely misses you. The killer bee barely misses you.
There is a stone staircase leading down here.
You take 1 damage, and have 39/58 hp.
You feel sick. The killer bee stings you. The killer bee stings you!
The killer bee stings you but does no damage.
You climb downwards.
Found two stone staircases leading down.
There is a stone staircase leading up here.
You take 13 damage, and have 26/58 hp.
MASSIVE DAMAGE!!
Aim: a killer bee (moderately wounded, berserk, fast, unusually strong)
The flame tongue hits the killer bee.
You feel sick. The killer bee misses you. The killer bee closely misses you. x2
You now have 8/17 mp.
Aim: a killer bee (severely wounded, berserk, fast, unusually strong)
The flame tongue hits the killer bee.
You feel sick. The killer bee stings you!
* * * LOW HITPOINT WARNING * * *
The killer bee closely misses you. The killer bee stings you.
* * * LOW HITPOINT WARNING * * *
You take 15 damage, and have 11/58 hp.
MASSIVE DAMAGE!!
Aim: a killer bee (almost dead, berserk, fast, unusually strong)
The flame tongue misses the killer bee.
The killer bee misses you. The killer bee stings you.
* * * LOW HITPOINT WARNING * * *
You are more poisoned.
The killer bee poisons you! The killer bee stings you!
You die...

..... .
#.#.# ..
.... ...
.>#
.#..#.#
.....@#
.....y#
.......
.#..#..#
.......#
...>....


You could see a killer bee (berserk).

Vanquished Creatures
  A hippogriff (D:8)
  An orc warrior (D:8)
  An ice beast (D:5)
  A sky beast (D:7)
  4 ogres
  2 centaurs (D:6)
  A bullfrog (D:6)
  2 scorpions (D:4)
  5 killer bees
  A howler monkey (D:4)
  A crimson imp (D:8)
  2 bullfrog skeletons
  2 hounds (D:8)
  5 orc wizards
  A centaur skeleton (D:4)
  2 orc priests
  Crazy Yiuf (D:2)
  A worker ant (D:4)
  2 iguanas
  A worker ant zombie (D:5)
  12 adders
  3 gnolls (D:5)
  2 oozes
  3 worms
  3 dart slugs
  2 leopard geckos
  22 orcs
  13 bats
  5 giant cockroaches
  A goblin (D:3)
  6 hobgoblins
  8 kobolds
  2 quokkas (D:5)
  2 ball pythons (D:1)
  5 frilled lizards
  A jackal skeleton (D:8)
  A leopard gecko skeleton (D:8)
  A quokka skeleton (D:4)
  4 rats
133 creatures vanquished.

Vanquished Creatures (collateral kills)
  A phantom (D:6)
  2 ogres
  A killer bee (D:8)
  A hound (D:3)
  4 orc wizards
  An iguana (D:6)
  A worker ant (D:4)
  An adder (D:4)
  4 orcs
16 creatures vanquished.

Grand Total: 149 creatures vanquished

Notes
Turn   | Place    | Note
-------+----------+-------------------------------------------
     0 | D:1      | Firecrotchwizard the Demonspawn Fire Elementalist began the quest for the Orb.
     0 | D:1      | Reached XP level 1. HP: 13/13 MP: 3/3
   187 | D:1      | Found a glowing golden altar of the Shining One.
   237 | D:1      | Gained mutation: You are slightly more attuned to the shadows. [demonic ancestry]
   237 | D:1      | Reached XP level 2. HP: 19/19 MP: 5/5
   610 | D:1      | Reached skill level 2 in Conjurations
   934 | D:1      | You fall through a shaft!
  1210 | D:2      | Gained mutation: You are partially covered in thin metallic scales. (AC +2) [demonic ancestry]
  1210 | D:2      | Reached XP level 3. HP: 24/24 MP: 4/6
  1218 | D:2      | Reached skill level 3 in Fire Magic
  1315 | D:2      | Noticed Sigmund
  1593 | D:2      | Found a runed door.
  1651 | D:2      | Gained mutation: A weak demonic guardian rushes to your aid. [demonic ancestry]
  1651 | D:2      | Reached XP level 4. HP: 30/30 MP: 3/7
  1709 | D:2      | Reached skill level 3 in Conjurations
  2087 | D:2      | Learned a level 4 spell: Sticky Flame
  2140 | D:2      | Noticed a moth of wrath
  2143 | D:2      | Found a bloodstained altar of Trog.
  2250 | D:2      | Noticed Crazy Yiuf
  2255 | D:2      | Killed Crazy Yiuf
  2446 | D:3      | Reached XP level 5. HP: 35/35 MP: 7/9
  2801 | D:3      | Found a snail-covered altar of Cheibriados.
  3029 | D:3      | Reached skill level 4 in Fire Magic
  3032 | D:3      | Reached skill level 3 in Spellcasting
  3032 | D:3      | Reached skill level 4 in Conjurations
  3172 | D:3      | Gained mutation: You have a pair of small horns on your head. [demonic ancestry]
  3172 | D:3      | Reached XP level 6. HP: 38/41 MP: 5/10
  3938 | D:4      | Reached skill level 5 in Conjurations
  3938 | D:4      | Reached skill level 5 in Fire Magic
  3938 | D:4      | Gained mutation: You are significantly more attuned to the shadows. [demonic ancestry]
  3938 | D:4      | Reached XP level 7. HP: 46/46 MP: 3/12
  4133 | D:4      | Found an ancient bone altar of Kikubaaqudgha.
  4348 | D:4      | Reached skill level 4 in Spellcasting
  4776 | D:4      | Learned a level 5 spell: Fireball
  4912 | D:5      | Entered Level 5 of the Dungeon
  4994 | D:5      | Reached skill level 6 in Conjurations
  4994 | D:5      | Reached XP level 8. HP: 52/52 MP: 9/14
  5265 | D:5      | Found a sparkling altar of Nemelex Xobeh.
  5295 | D:5      | Found a radiant altar of Vehumet.
  5306 | D:5      | Became a worshipper of Vehumet
  5761 | D:6      | Reached skill level 6 in Fire Magic
  6889 | D:7      | Found a staircase to the Ecumenical Temple.
  6924 | D:7      | Reached skill level 7 in Conjurations
  7347 | D:7      | Reached skill level 5 in Spellcasting
  7359 | D:7      | Reached skill level 7 in Fire Magic
  7795 | D:8      | Noticed a hippogriff
  7802 | D:8      | Killed a hippogriff
  7802 | D:8      | Gained mutation: You are mostly covered in thin metallic scales. (AC +3) [demonic ancestry]
  7802 | D:8      | Reached XP level 9. HP: 47/57 MP: 6/16
  8000 | D:8      | HP: 13/57 [orc warrior/trident (10)]
  8140 | D:8      | Reached skill level 8 in Conjurations
  8264 | D:8      | Found a shadowy altar of Dithmenos.
  8269 | D:8      | Found a transporter.
  8422 | D:8      | Found a corrupted altar of Lugonu.
  8425 | D:8      | Noticed a white ugly thing
  8428 | D:8      | Noticed a cyan ugly thing
  8428 | D:8      | Noticed a green ugly thing
  8429 | D:8      | Noticed a red ugly thing
  8429 | D:8      | Noticed a brown ugly thing
  8529 | D:8      | Found a basalt altar of Yredelemnul.
  8544 | D:8      | Found a bloodstained altar of Trog.
  8836 | D:8      | Noticed a queen bee
  8850 | D:9      | HP: 11/58 [killer bee (5)]
  8851 | D:9      | Slain by a killer bee

Skill      XL: |  1  2  3  4  5  6  7  8  9 |
---------------+----------------------------+-----
Conjurations   | 2 3 4 5 6 7 8 |  8.1
Fire Magic     | 3 4 5 7 |  7.6
Spellcasting   | 3 4 5 |  5.3
Fighting       | |  0.4
Dodging        | |  1.9
Stealth        | |  1.7
Evocations     | |  0.8

Action                   |  1- 3 |  4- 6 |  7- 9 || total
-------------------------+-------+-------+-------++-------
Melee: Unarmed           |    22 |       |       ||    22
       Club              |    24 |    10 |       ||    34
       Short sword       |       |    12 |       ||    12
       Quarterstaff      |       |    30 |    68 ||    98
       Headbutt          |       |     1 |     7 ||     8
Throw: Javelin           |    13 |    44 |    22 ||    79
       Tomahawk          |       |     5 |    10 ||    15
 Cast: Flame Tongue      |    39 |    66 |   155 ||   260
       Sticky Flame      |       |     4 |     2 ||     6
       Fireball          |       |       |     2 ||     2
  Use: Scroll            |       |     4 |    14 ||    18
 Stab: Sleeping          |     4 |     1 |       ||     5
       Confused          |       |     1 |       ||     1
  Eat: Chunk             |     3 |     8 |     6 ||    17
       Bread ration      |       |       |     1 ||     1
       Royal jelly       |       |       |     1 ||     1
       Meat ration       |       |       |     1 ||     1
Armor: Robe              |    26 |    20 |    59 ||   105
Dodge: Dodged            |    66 |    48 |    91 ||   205

Vault maps used:
D:1:      sevenhm_arrival_forest_fort_large_3, tso_metal_star
D:2:      lemuel_upstairs_altar, st_stairs_8, tgw_trog, uniq_crazy_yiuf_cottage,
          uniq_sigmund
D:3:      cheibriados_altar_1
D:4:      hangedman_decor_growths, minmay_ruined_shrine
D:5:      fiery_altar_vehumet, first_bread, nemelex_xobeh_ov_fountains_minmay
D:6:      water_maze_lemuel
D:7:      minmay_temple_entry_grid
D:8:      gammafunk_corrupted_shrine, grunt_temple_overflow_open, basic_altar,
          david_nohive_1
D:9:      kennysheep_blocky_room, gammafunk_temple_overflow_wave, serial_ice,
          serial_ice_d, serial_ice_b, serial_ice_n, serial_ice_j, serial_ice_h,
          uniq_joseph

Table legend:
 A = Turns spent in this place as a percentage of turns spent in the entire game.
 B = Non-inter-level travel turns spent in this place as a percentage of non-inter-level travel turns spent in the entire game.
 C = Inter-level travel turns spent in this place as a percentage of turns spent in this place.
 D = Turns resting spent in this place as a percentage of non-inter-level travel turns spent in this place.
 E = Turns spent auto-exploring this place as a percentage of non-inter-level travel turns spent in this place.
 F = Non-inter-level travel turns spent in this place divided by the number of levels of this place that you've seen.
                   A       B       C       D       E      F
               +-------+-------+-------+-------+-------+----------------------
         Total | 100.0 | 100.0 |   1.9 |   9.5 |  13.9 | 172.9
       Dungeon | 100.0 | 100.0 |   1.9 |   9.5 |  13.9 | 172.9
               +-------+-------+-------+-------+-------+----------------------

Table legend:
 A = Kills in this place as a percentage of kills in entire the game.
 B = Kills by you in this place as a percentage of kills by you in the entire game.
 C = Kills by friends in this place as a percentage of kills by friends in the entire game.
 D = Other kills in this place as a percentage of other kills in the entire game.
 E = Experience gained in this place as a percentage of experience gained in the entire game.
 F = Experience gained in this place divided by the number of levels of this place that you have seen.
                   A       B       C       D       E      F
               +-------+-------+-------+-------+-------+----------------------
         Total | 100.0 | 100.0 | 100.0 |  -nan | 100.0 | 392.6
       Dungeon | 100.0 | 100.0 | 100.0 |  -nan | 100.0 | 392.6
               +-------+-------+-------+-------+-------+----------------------
